 Dungeon Crawl Stone Soup version 0.28.0-47-ge53b351184 (webtiles) character file.

Game seed: 3643662321568987435

290 101zpm the Magician (level 6, -6/40 HPs)
             Began as a Djinni Fire Elementalist on May 4, 2022.
             Was an Initiate of Hepliaklqana.
             Mangled by a water moccasin (7 damage)
             ... on level 5 of the Dungeon.
             The game lasted 00:09:10 (3452 turns).

101zpm the Magician (Djinni Fire Elementalist)      Turns: 3452, Time: 00:09:11

Health: -6/40      AC:  2    Str:  7    XL:     6   Next: 58%
Gold:   46         EV: 12    Int: 18    God:    Hepliaklqana [......] SH:  0 Dex: 14

rFire   + + .      SeeInvis .   (no weapon)
rCold   x . .      Faith    .   (no shield)
rNeg    . . .      Spirit   .   a - +0 robe
rPois   ∞          Reflect  .   (no helmet)
rElec   .          Harm     .   (no cloak)
rCorr   .          Rampage  .   (no gloves)
Will    .....                   (boots unavailable)
Stlth   ++........              (no amulet)
HPRegen 0.13/turn               (no ring)
MPRegen 0.00/turn               (no ring)

@: flying, very slightly contaminated
A: sickness immunity, fire resistance 2, cold vulnerability 1, float, innate
caster, HP casting, extra vitality 1
a: Renounce Religion


You were on level 5 of the Dungeon.
You worshipped Hepliaklqana.
Hepliaklqana was noncommittal.
You visited 1 branch of the dungeon, and saw 5 of its levels.

You collected 46 gold pieces.

Inventory:

Armour
 a - a +0 robe (worn)
Scrolls
 c - 2 scrolls of identify {unknown}
 d - a scroll of vulnerability {unknown}
 e - a scroll of magic mapping {unknown}
Potions
 b - 2 potions of brilliance {unknown}
 f - a potion of curing {unknown}
 g - a potion of heal wounds {unknown}
 h - a potion of attraction {unknown}
 i - a potion of ambrosia {unknown}


   Skills:
 + Level 2.4 Dodging
 + Level 2.0 Stealth
 + Level 5.1 Spellcasting


You couldn't memorise any spells.
You knew the following spells:

 Your Spells              Type           Power      Damage    Failure   Level
a - Foxfire               Conj/Fire      92%        2x1d8     1%          1
b - Scorch                Fire           46%        2d7       2%          2
c - Conjure Flame         Conj/Fire      23%        6-21      4%          3
d - Inner Flame           Hex/Fire       23%        N/A       4%          3
e - Flame Wave            Conj/Fire      23%        2d7       16%         4
f - Apportation           Tloc           46%        N/A       1%          1
g - Searing Ray           Conj           46%        2d6       2%          2
Your spell library was empty.

Dungeon Overview and Level Annotations

Branches:
Dungeon (5/15)
 Temple: D:4-7

Altars:
Cheibriados
Elyvilon
Hepliaklqana

Shops:
D:4 (


Innate Abilities, Weirdness & Mutations

You are immune to sickness and miasma.
You are immune to poison.
Your flesh is very heat resistant. (rF++)
You are vulnerable to cold. (rC-)
You float through the air rather than walking.
You learn spells naturally, not from books.
Your magical power is your life essence.
You have superior vitality. (+4 MHP)


Message History

Confirm with . or Enter, or press ? or * to list all spells.
Aiming: Inner Flame (dangerous; 4% risk of failure)
Press: ? - help, Dir - move target, f - hound skeleton
Aim: a hound skeleton (chance to affect: 87%)
The hound skeleton is filled with an inner flame.
* * * LOW HITPOINT WARNING * * *
The foxfire hits the hound skeleton.
Flame seeps out of the hound skeleton.
The hound skeleton is lightly damaged.
The hound skeleton is engulfed in blazing flames.
Flame seeps out of the hound skeleton.
Your foxfire dissipates!
The hound skeleton bites you.
* * * LOW HITPOINT WARNING * * *
You fly downwards.
Your magical contamination has completely faded away.
There is a stone staircase leading up here.
You start resting.
A water moccasin comes into view.
Casting: Foxfire (safe; 1% risk of failure)
Press: ? - help, Q - select action, (/) - cycle Dir - look around, f - activate You miscast Foxfire.
You are very lightly contaminated with residual magic.
Nothing appears to happen.
* * * LOW HITPOINT WARNING * * *
The water moccasin hisses angrily.
Casting: Foxfire (safe; 1% risk of failure)
Confirm with . or Enter, or press ? or * to list all spells.
Flames lash the water moccasin.
The water moccasin is moderately wounded.
The water moccasin's fire resistance burns away.
* * * LOW HITPOINT WARNING * * *
Casting: Scorch (safe; 2% risk of failure)
Confirm with . or Enter, or press ? or * to list all spells.
Flames lash the water moccasin.
The water moccasin is burned terribly!
The water moccasin is heavily wounded.
* * * LOW HITPOINT WARNING * * *
The water moccasin bites you!
* * * LOW HITPOINT WARNING * * *
The water moccasin bites you!
You die...

##.#............#
###.##.#.......#
#.##.#.......#
#....#.......#
#.####.#######
#.###...#
#.....#.#
#.###.#.#
#...S@#..
#..#####.# #. ..
# ... ###


You could see a water moccasin (combustible).

Vanquished Creatures
  A phantom (D:4)
  A howler monkey (D:5)
  A bullfrog skeleton (D:5)
  An iguana (D:5)
  An orc wizard (D:5)
  4 adders
  A worm (D:2)
  2 dart slugs
  5 orcs
  A bat (D:1)
  4 endoplasms
  3 giant cockroaches
  6 goblins
  5 hobgoblins
  A quokka (D:2)
  2 ball pythons
  A frilled lizard (D:2)
  10 kobolds
  2 rats (D:2)
52 creatures vanquished.

Vanquished Creatures (others)
  267 foxfires
267 creatures vanquished.

Grand Total: 319 creatures vanquished

Notes
Turn   | Place    | Note
-------+----------+-------------------------------------------
     0 | D:1      | 101zpm the Djinni Fire Elementalist began the quest for the
                  | Orb.
     0 | D:1      | Reached XP level 1. HP: 15/15 MP: 0/0
   287 | D:1      | Reached XP level 2. HP: 14/21 MP: 0/0
   664 | D:2      | Reached skill level 3 in Spellcasting
   924 | D:2      | Reached XP level 3. HP: 20/25 MP: 0/0
   924 | D:2      | Learned a level 1 spell: Apportation
  2216 | D:4      | Found Xolloarph's Antique Weapon Emporium.
  2234 | D:4      | Found a snail-covered altar of Cheibriados.
  2286 | D:4      | Reached XP level 4. HP: 25/31 MP: 0/0
  2356 | D:4      | Noticed a phantom
  2360 | D:4      | Killed a phantom
  2361 | D:4      | Reached skill level 4 in Spellcasting
  2361 | D:4      | Reached XP level 5. HP: 11/35 MP: 0/0
  2361 | D:4      | Learned a level 2 spell: Searing Ray
  2835 | D:4      | Found a hazy altar of Hepliaklqana.
  2881 | D:4      | Became a worshipper of Hepliaklqana the Forgotten
  2900 | D:5      | Entered Level 5 of the Dungeon
  2915 | D:5      | Reached XP level 6. HP: 35/40 MP: 0/0
  3216 | D:5      | Found a white marble altar of Elyvilon.
  3228 | D:5      | Reached skill level 5 in Spellcasting
  3233 | D:5      | HP: 1/40 [spore (10)]
  3371 | D:4      | HP: 2/40 [hound skeleton (2)]
  3448 | D:5      | Noticed a water moccasin
  3451 | D:5      | HP: 1/40 [water moccasin (7)]
  3452 | D:5      | Mangled by a water moccasin

Illustrated notes

Levels and vault maps discovered:
D:1:      minmay_arrival_four_circles, layout_basic, basic_ecumenical_altar,
          minmay_pentomino_p2
D:2:      layout_rooms, chequers_serial_rivers_small_3, grunt_ministairs_15,
          chequers_decorated_corner
D:3:      layout_loops_ring, wander_ebering_terrifying_dragon_lair, uniq_ijyb,
          uniq_terence, uniq_grinder
D:4:      cheibrodos_thug_alley, layout_basic,
          mainiacjoe_overflow_catch_the_wave, serial_shops, shop_statue
D:5:      layout_loops_cross, mainiacjoe_overflow_boulevard, uniq_prince_ribbit1

Skill      XL: |  1  2  3  4  5  6 |
---------------+-------------------+-----
Spellcasting   | 3 4 5 |  5.1
Stealth        | 2 |  2.0
Dodging        | |  2.4

Action                   |  1- 3 |  4- 6 || total
-------------------------+-------+-------++-------
 Cast: Foxfire           |    91 |    62 ||   153
       Scorch            |    10 |     4 ||    14
       Inner Flame       |     8 |    16 ||    24
Armor: Robe              |     1 |       ||     1
Dodge: Dodged            |     2 |     1 ||     3
